AoeStats
← arielhz45

Lombardia

510183355Analyzed
2v2 RM · 4d ago on Sep 29, 2026· 62m 54s· 4 players
Game mode
Random Map
Map size
Medium (4 player)
Population
200
Speed
Normal
Resources
Standard
Victory
Conquest
Starting age
Dark Age
Ending age
Imperial Age
RankedLock teamsTeams togetherTeam positionsShared explorationLock speedFull tech treeHidden civsTurbo modeCheats
Victory
Defeat
🇷🇴 Byzantines · Romania
743
+15
🇷🇴 Teutons · Romania
740
+15
🇵🇦 Ethiopians · Panama
759
-17
🇺🇸 Aztecs · United States
674
-13
Elcaifascefas
3:03 Loom
11:41 Feudal Age
13:55 Double-Bit Axe
17:23 Padded Archer Armor
17:15 Fletching
22:03 Castle Age
22:27 Crossbowman
23:14 Thumb Ring
25:00 Ballistics
26:10 Leather Archer Armor
25:58 Gold Mining
36:06 Imperial Age
37:23 Arbalester
42:09 Gold Shaft Mining
43:37 Chemistry
42:33 Murder Holes
44:17 Ring Archer Armor
43:43 Bodkin Arrow
44:24 Heated Shot
44:45 Masonry
44:47 Fortified Wall
46:26 Elite Shotel Warrior
47:14 Scale Mail Armor
47:25 Forging
49:07 Conscription
52:04 Halberdier
52:45 Squires
53:05 Chain Mail Armor
53:26 Iron Casting
59:51 Plate Mail Armor
60:22 Blast Furnace
arielhz45
13:09 Feudal Age
14:04 Horse Collar
14:15 Double-Bit Axe
22:11 Castle Age
22:30 Forging
22:21 Scale Mail Armor
22:12 Fletching
22:22 Padded Archer Armor
25:28 Bow Saw
27:10 Iron Casting
26:52 Pikeman
27:32 Squires
27:35 Gold Mining
31:04 Chain Mail Armor
36:37 Imperial Age
37:48 Garland Wars
38:38 Conscription
44:48 Wheelbarrow
46:19 Elite Jaguar Warrior
50:14 Blast Furnace
49:44 Plate Mail Armor
52:16 Hand Cart
53:35 Gold Shaft Mining
Naxeete
7:12 Loom
12:07 Feudal Age
17:18 Castle Age
17:03 Double-Bit Axe
19:44 Wheelbarrow
20:32 Fletching
22:58 Bow Saw
22:32 Horse Collar
23:48 Heavy Plow
26:11 Hand Cart
27:19 Ballistics
26:55 Murder Holes
29:03 Caravan
33:50 Fortified Wall
36:34 Imperial Age
36:16 Treadmill Crane
36:40 Husbandry
38:46 Chemistry
40:03 Hoardings
38:49 Elite Cataphract
38:59 Elite Cataphract
44:13 Logistica
44:41 Gold Mining
45:56 Two-Man Saw
45:07 Scale Barding Armor
45:14 Forging
45:00 Bodkin Arrow
51:03 Chain Barding Armor
51:19 Iron Casting
50:44 Bracer
56:04 Plate Barding Armor
55:31 Padded Archer Armor
55:31 Scale Mail Armor
62:37 Spies/Treason
62:47 Spies/Treason
David
7:08 Loom
9:45 Feudal Age
16:52 Castle Age
15:16 Double-Bit Axe
25:39 Man-at-Arms
27:42 Long Swordsman
29:29 Scale Mail Armor
29:18 Horse Collar
34:18 Imperial Age
32:38 Caravan
34:01 Chain Mail Armor
33:58 Forging
33:39 Fletching
33:55 Scale Barding Armor
34:33 Wheelbarrow
34:30 Heavy Plow
34:19 Town Watch
34:42 Two-Handed Swordsman
35:24 Squires
34:50 Cavalier
36:19 Bow Saw
37:18 Plate Mail Armor
36:47 Bodkin Arrow
37:11 Gold Mining
37:12 Stone Mining
38:01 Iron Casting
37:45 Hand Cart
38:57 Elite Teutonic Knight
40:02 Conscription
43:37 Hoardings
44:00 Fortified Wall
44:11 Ballistics
44:52 Chemistry
45:10 Two-Man Saw
43:57 Paladin
45:37 Bloodlines
46:10 Crop Rotation
46:08 Chain Barding Armor
46:48 Blast Furnace
45:50 Champion
46:16 Gambesons
46:44 Siege Engineers
46:50 Masonry
48:33 Plate Barding Armor
51:44 Padded Archer Armor
Connection lost

Rejoining the realm…

Still unreachable

The connection could not be restored.

Session expired

The server has moved on; the page needs a fresh start.